 Dungeon Crawl Stone Soup version 0.19.1 (webtiles) character file.

255 JARG the Chopper (level 5, -1/41 HPs)
             Began as a Demonspawn Gladiator on Mar 5, 2017.
             Was an Initiate of Qazlal.
             Slain by a mummy (10 damage)
             ... on level 4 of the Dungeon.
             The game lasted 00:10:12 (3003 turns).

JARG the Chopper (Demonspawn Gladiator)             Turns: 3003, Time: 00:10:12

Health: -1/41      AC: 13    Str: 17    XL:     5   Next: 91%
Magic:  5/5        EV:  8    Int:  9    God:    Qazlal [......]
Gold:   152        SH:  0    Dex: 13    Spells: 0 memorised, 4 levels left

rFire  + . .     SeeInvis .     a - +0 war axe
rCold  . . .     Gourm    .     g - +0 chain mail
rNeg   + . .     Faith    .     (no shield)
rPois  .         Spirit   .     c - +0 helmet
rElec  .         Reflect  .     s - +0 cloak
rCorr  .         Harm     .     t - +0 pair of gloves
MR     .....                    B - +0 pair of boots
Stlth  ..........               (no amulet)
                                A - ring of loudness (curse)
                                k - ring of positive energy

@: exhausted, slowed, very slow
A: hooves 2, fire resistance 1
a: Renounce Religion


You were on level 4 of the Dungeon.
You worshipped Qazlal.
Qazlal was noncommittal.
You were not hungry.

You visited 1 branch of the dungeon, and saw 4 of its levels.
You also visited: Ossuary.

You collected 152 gold pieces.

Inventory:

Hand Weapons
 a - a +0 war axe (weapon)
 m - a cursed -2 dagger
Missiles
 d - 3 throwing nets (quivered)
Armour
 b - a +0 leather armour
 c - a +0 helmet (worn)
 g - a +0 chain mail (worn)
 s - a +0 cloak (worn)
 t - a +0 pair of gloves (worn)
 y - a +0 leather armour of fire resistance
 B - a +0 pair of boots (worn)
Jewellery
 k - a ring of positive energy (left hand)
 A - a cursed ring of loudness (right hand)
 C - an uncursed ring of positive energy
Wands
 w - a wand of iceblast (4/15)
Scrolls
 e - a scroll of immolation {unknown}
 h - a scroll of magic mapping {unknown}
 i - a scroll of enchant armour {unknown}
 j - a scroll of blinking {unknown}
 l - a scroll of teleportation {unknown}
 n - 6 scrolls of identify {unknown}
 p - 4 scrolls of remove curse {unknown}
 r - a scroll of random uselessness {unknown}
 u - 2 scrolls of fear {unknown}
 x - a scroll of recharging {unknown}
Potions
 z - a potion of might
 E - a potion of heal wounds {unknown}
Comestibles
 f - 2 bread rations
 q - 2 meat rations
 v - 3 fruits
 D - 2 chunks of flesh


   Skills:
 + Level 3.6 Fighting
 * Level 4.4 Axes
 - Level 1.7 Throwing
 + Level 2.6 Armour
 - Level 2.6 Dodging


You had 4 spell levels left.
You didn't know any spells.

Dungeon Overview and Level Annotations

Branches:
Dungeon (4/15)
 Temple: D:4-7

Altars:
Makhleb
Qazlal


Innate Abilities, Weirdness & Mutations

You have hoof-like feet.
Your flesh is heat resistant. (rF+)


Message History

You feel yourself slow down.
PrincessPwny's ghost hits you but does no damage.
PrincessPwny's ghost hits you. PrincessPwny's ghost barely misses you.
The mummy hits you but does no damage.
PrincessPwny's ghost hits you but does no damage.
The mummy hits you but does no damage.
PrincessPwny's ghost hits you but does no damage.
You can move again.
PrincessPwny's ghost hits you!
* * * LOW HITPOINT WARNING * * *
The gnoll zombie barely misses you. The mummy hits you but does no damage.
Welcome back to the Dungeon!
There is a collapsed entrance here.
You hit the mummy.
The mummy is lightly damaged.
The mummy completely misses you.
You hit the mummy.
The mummy is moderately damaged.
The mummy hits you!
You die...

#.############ ###
##.# #.#####..#
###....##.##
########.........#
...(....†######..#
#######..#....#..#
#..###..#.##
#......@#.#
#..###M.#.#
#..#....#.#
#..######.# #...
#.... ######


You could see a mummy.

Vanquished Creatures
  An iguana (D:4)
  Terence (D:3)
  An orc wizard (D:3)
  A hound zombie (Ossuary)
  4 gnolls
  3 adders
  An ooze (D:1)
  A worm (D:2)
  7 leopard geckos
  9 orcs (D:3)
  6 ball pythons
  2 giant cockroaches
  5 goblins
  7 hobgoblins
  3 jackals (D:4)
  4 bats
  6 frilled lizards
  2 goblin zombies
  A hobgoblin zombie (Ossuary)
  2 jackal zombies (Ossuary)
  6 kobolds
  5 rats
  A rat zombie (D:4)
79 creatures vanquished.

Notes
Turn   | Place    | Note
-------+----------+-------------------------------------------
     0 | D:1      | JARG the Demonspawn Gladiator began the quest for the Orb.
     0 | D:1      | Reached XP level 1. HP: 16/16 MP: 1/1
   376 | D:1      | Gained mutation: You have large cloven feet. [demonic ancestry]
   376 | D:1      | Reached XP level 2. HP: 22/22 MP: 2/2
   489 | D:1      | Reached skill level 3 in Axes
   551 | D:1      | Reached skill level 1 in Armour
   949 | D:2      | Reached XP level 3. HP: 23/28 MP: 3/3
  1362 | D:2      | Gained mutation: Your flesh is heat resistant. (rF+) [demonic ancestry]
  1362 | D:2      | Reached XP level 4. HP: 32/35 MP: 4/4
  2033 | D:3      | Found a faded altar of an unknown god.
  2087 | D:3      | Gained mutation: You have hoof-like feet. [demonic ancestry]
  2087 | D:3      | Reached XP level 5. HP: 12/41 MP: 5/5
  2088 | D:3      | Reached skill level 4 in Axes
  2371 | D:3      | Noticed Terence
  2459 | D:3      | Found a stormy altar of Qazlal.
  2459 | D:3      | Noticed a fire elemental
  2460 | D:3      | Noticed an air elemental
  2460 | D:3      | Noticed a water elemental
  2465 | D:3      | Became a worshipper of Qazlal Stormbringer
  2576 | D:3      | Killed Terence
  2922 | D:4      | Found a burning altar of Makhleb.
  2949 | D:4      | Found a sand-covered staircase.
  2965 | Ossuary  | Entered an ossuary
  2965 | Ossuary  | Noticed PrincessPwny's ghost (amateur GrBe)
  3003 | D:4      | Slain by a mummy

Skill      XL: |  1  2  3  4  5 |
---------------+----------------+-----
Axes           | 3 4 |  4.4
Armour         | 1 2 |  2.6
Fighting       | 3 |  3.6
Throwing       | |  1.7
Dodging        | |  2.6

Action                   |  1- 3 |  4- 6 || total
-------------------------+-------+-------++-------
Melee: War axe           |   126 |   125 ||   251
       Kick              |    21 |    15 ||    36
Throw: Throwing net      |       |     1 ||     1
  Use: Potion            |       |     4 ||     4
  Eat: Chunk             |     2 |     5 ||     7
Armor: Leather armour    |     8 |       ||     8
       Chain mail        |    61 |   125 ||   186
       Skin              |       |    18 ||    18
Dodge: Dodged            |    65 |    68 ||   133
